 Dungeon Crawl Stone Soup version 0.28-a0-991-g956f0ee3d5 (webtiles) character file.

Game seed: 12257953016233156238

105 Colgate the Slasher (level 4, 36/36 HPs)
             Began as a Draconian Warper on Oct 30, 2021.
             Was a Believer of Elyvilon.
             Quit the game on level 2 of the Dungeon on Dec 5, 2021.
             The game lasted 00:21:21 (4048 turns).

Colgate the Slasher (Draconian Warper)              Turns: 4048, Time: 00:21:21

Health: 36/36      AC:  5    Str: 13    XL:     4   Next: 54%
Magic:  7/7        EV: 12    Int: 14    God:    Elyvilon [**....]
Gold:   108        SH:  0    Dex: 11    Spells: 5/7 levels left

rFire   . . .      SeeInvis .   a - +0 falchion
rCold   . . .      Faith    +   (no shield)
rNeg    . . .      Spirit   .   (armour unavailable)
rPois   .          Reflect  .   (helmet restricted)
rElec   .          Harm     .   (no cloak)
rCorr   .          Rampage  .   (no gloves)
Will    .....                   (no boots)
Stlth   +.........              m - amulet of faith
HPRegen 0.12/turn               (no ring)
MPRegen 0.10/turn               (no ring)

@: no status effects
A: AC +5, unfitting armour, cold-blooded
a: Renounce Religion, Purification, Heal Other


You were on level 2 of the Dungeon.
You worshipped Elyvilon.
Elyvilon was pleased with you.
You visited 1 branch of the dungeon, and saw 3 of its levels.

You collected 108 gold pieces.

Inventory:

Hand Weapons
 a - a +0 falchion (weapon)
Missiles
 c - 5 boomerangs of dispersal
 f - 7 stones (quivered)
 g - 38 bolts
 k - 16 poisoned darts
 o - a throwing net
Jewellery
 m - an amulet of faith (around neck)
Scrolls
 b - a scroll of blinking
 d - a scroll of enchant armour
 e - a scroll of fog {unknown}
 i - a scroll of holy word {unknown}
 j - a scroll of amnesia {unknown}
 l - a scroll of immolation
Potions
 h - a potion of attraction
 n - 2 potions of degeneration {unknown}


   Skills:
 - Level 2.1 Fighting
 + Level 4.8 Long Blades
 - Level 0.8 Throwing
 - Level 2.1 Dodging
 - Level 2.0 Spellcasting
 - Level 3.0 Translocations


You had 5 spell levels left.
You knew the following spells:

 Your Spells              Type           Power      Damage    Failure   Level
a - Blink                 Tloc           18%        N/A       11%         2

Your spell library contained the following spells:

 Spells                   Type           Power      Damage    Failure   Level
 Gell's Gravitas          Tloc           9%         N/A       21%         3
 Lesser Beckoning         Tloc           9%         N/A       21%         3
 Teleport Other           Tloc           9%         N/A       21%         3
 Manifold Assault         Tloc           9%         N/A       88%         5


Dungeon Overview and Level Annotations

Branches:
Dungeon (3/15)

Altars:
Elyvilon

Annotations:
D:3 Grinder


Innate Abilities, Weirdness & Mutations

Your plain brown scales are hard. (AC +5)
You cannot fit into any form of body armour.
You are cold-blooded and may be slowed by cold attacks.


Message History

Items here: )) ††.
The floor.
Done exploring.
(D) Dungeon
Where to? (Enter - D:2 @ (x,y), ? - help)
There is a stone staircase leading down here.
You climb downwards.
Level annotation: Grinder An adder comes into view.
There is a stone staircase leading up here.
You climb upwards.
There is a stone staircase leading down here.
You see here a +0 club.
There is a stone staircase leading down, spattered with blood here.
You climb downwards.
Level annotation: Grinder Grinder shouts!
The gnoll shouts!
The goblin shouts!
There is a stone staircase leading up, spattered with blood here.
You climb upwards.
There is a stone staircase leading down, spattered with blood here.
You see here a +0 club.
There is a stone staircase leading up here.
There is a stone staircase leading up here.
Things that are here:
a +0 dagger; a +0 leather armour; a +0 mace
There is a stone staircase leading down, spattered with blood here.
You climb downwards.
Level annotation: Grinder
There is a stone staircase leading up, spattered with blood here.
The endoplasm quivers.
There is a stone staircase leading up, spattered with blood here.
The goblin shoots a stone.
The stone hits you but does no damage.
The endoplasm hits you but does no damage.
The goblin shoots a stone.
The stone misses you.
You climb upwards.
There is a stone staircase leading down, spattered with blood here.
Welcome back, Colgate the Draconian Warper.
Elyvilon says: Go forth and aid the weak!
Press ? for a list of commands and other information.
Are you sure you want to abandon this character and quit the game? (Confirm with "yes".)

#.# ### #.# ######.## #.#
#.......# ###.#####
#######.####.###########.#.##...
##>..)...# #.....K......#...#.##
.#.####### #########.#.###......
.#.# #J).....## ##...## .#K###
#@####.#.###.##.# .#...# #)#
#.##.#..##.# .###.### #.#
#.###......# .......# ###<####.#
##..#### .....#.#
#.....##.####..# .#####.#
##.....##.<)....# .# #.#
#......##..###.## .# #.#
#..............# ## #.#
#......##..##..#


You could see an endoplasm.

Vanquished Creatures
  Robin (D:2)
  A gnoll (D:2)
  2 adders (D:2)
  3 dart slugs
  4 orcs
  5 ball pythons (D:2)
  5 endoplasms
  2 giant cockroaches
  12 goblins
  5 hobgoblins
  5 kobolds
  2 bats (D:1)
  2 frilled lizards
  3 rats (D:2)
  A spectral goblin (D:1)
53 creatures vanquished.

Notes
Turn   | Place    | Note
-------+----------+-------------------------------------------
     0 | D:1      | Colgate the Draconian Warper began the quest for the Orb.
     0 | D:1      | Reached XP level 1. HP: 17/17 MP: 3/3
   311 | D:1      | Reached XP level 2. HP: 24/24 MP: 5/5
   314 | D:1      | Learned a level 2 spell: Blink
   499 | D:1      | Reached skill level 3 in Long Blades
   526 | D:1      | Found a faded altar of an unknown god.
   547 | D:1      | Prayed at the altar of an unknown god.
   547 | D:1      | Became a worshipper of Elyvilon the Healer
   547 | D:1      | Reached * piety under Elyvilon
   869 | D:2      | Reached XP level 3. HP: 26/29 MP: 6/6
  1467 | D:2      | Reached ** piety under Elyvilon
  1545 | D:2      | Reached skill level 4 in Long Blades
  1809 | D:3      | Noticed Robin
  2257 | D:3      | Noticed Grinder
  2545 | D:2      | Killed Robin
  2546 | D:2      | Reached XP level 4. HP: 32/36 MP: 7/7
  4048 | D:2      | Upgraded the game from 0.28-a0-768-g8c92f1e708 to
                  | 0.28-a0-991-g956f0ee3d5
  4048 | D:2      | Quit the game

Illustrated notes

Levels and vault maps discovered:
D:1:      dpeg_arrival_round_b, layout_basic,
          dreamdust_ecumenical_altar_drowned_temple
D:2:      layout_loops_ring
D:3:      layout_rooms, nemelex_dance_club_becter,
          nicolae_overflow_hidden_temple, uniq_grinder, uniq_robin,
          uniq_crazy_yiuf_cottage

Skill      XL: |  1  2  3 |
---------------+----------+-----
Long Blades    | 3 4 |  4.8
Fighting       | |  2.1
Throwing       | |  0.8
Dodging        | |  2.1
Spellcasting   | |  2.0
Translocations | |  3.0

Action                   |  1- 3 |  4- 6 || total
-------------------------+-------+-------++-------
Melee: Falchion          |   146 |    51 ||   197
       Tailslap          |     9 |     5 ||    14
  Use: Scroll            |     3 |       ||     3
 Stab: Sleeping          |     1 |       ||     1
       Distracted        |     1 |       ||     1
Armor: Skin              |    54 |    27 ||    81
Dodge: Dodged            |    66 |    59 ||   125

Table legend: (Time is in decaauts)
 A = Elapsed time spent in this place.
 B = Non-inter-level travel time spent in this place.
 C = Inter-level travel time spent in this place.
 D = Time resting spent in this place.
 E = Time spent auto-exploring this place.
 F = Levels seen in this place.
 G = Mean time per level.
                   A        B        C        D        E       F      G
               +--------+--------+--------+--------+--------+-----+--------+
         Total |   4103 |   3690 |    413 |    140 |   2551 |   3 | 1367.7 |
       Dungeon |   4103 |   3690 |    413 |    140 |   2551 |   3 | 1367.7 |
               +--------+--------+--------+--------+--------+-----+--------+

Top non-repeatable levels by time:
     D:2: 3172 daAuts
     D:1: 826 daAuts
     D:3: 103 daAuts
